 Dungeon Crawl Stone Soup version 0.30-a0-218-gedb9141078 (webtiles) character file.

Game seed: 11313863591686602743

739 Decritt the Trooper (level 7, -1/69 (76) HPs)
             Began as an Ogre Gladiator on Oct 5, 2022.
             Slain by a wight
             ... wielding a +3 scimitar
              (3 damage)
             ... on level 7 of the Dungeon.
             The game lasted 00:11:48 (5070 turns).

Decritt the Trooper (Ogre Gladiator)                Turns: 5070, Time: 00:11:49

HP:   -1/69 (76)    AC:  5    Str: 21    XL:     7   Next: 75%
MP:   7/7           EV: 14    Int:  9    God:
Gold: 363           SH:  0    Dex: 10    Spells: 6/6 levels left

rFire   . . .      SeeInvis .    p - +2 whip (elec)
rCold   . . .      Faith    .    (no shield)
rNeg    . . .      Spirit   .    b - +0 robe
rPois   .          Reflect  .    f - +2 hat
rElec   .          Harm     .    (no cloak)
rCorr   +          Rampage  .    (gloves unavailable)
Will    .....                    (boots unavailable)
Stlth   +.........               (no amulet)
HPRegen 0.31/turn                t - ring of resist corrosion
MPRegen 0.10/turn                x - +4 ring of evasion

@: about to teleport, drained
A: large, unfitting armour, tough skin 1
a: no special abilities


You were on level 7 of the Dungeon.
You visited 2 branches of the dungeon, and saw 8 of its levels.
You also visited: Ossuary.

You collected 459 gold pieces.
You spent 96 gold pieces at shops.

Inventory:

Hand Weapons
 a - a +0 war axe
 p - a +2 whip of electrocution (weapon)
Missiles
 d - 3 throwing nets (quivered)
Armour
 b - a +0 robe (worn)
 f - a +2 hat (worn)
Jewellery
 t - a ring of resist corrosion (left hand)
 x - a +4 ring of evasion (right hand)
Wands
 e - a wand of flame (22)
 w - a wand of mindburst (18)
 y - a wand of roots (13)
Scrolls
 c - a scroll of immolation
 h - 2 scrolls of silence
 k - a scroll of poison
 o - 2 scrolls of teleportation
 r - a scroll of identify
 s - a scroll of magic mapping {unknown}
 v - 2 scrolls of noise
 A - a scroll of vulnerability {unknown}
 C - a scroll of enchant armour
 D - a scroll of butterflies {unknown}
 E - a scroll of brand weapon {unknown}
Potions
 g - 8 potions of curing
 i - 2 potions of lignification
 j - 4 potions of flight
 l - a potion of might
 m - a potion of attraction {unknown}
 n - 3 potions of brilliance
 q - 4 potions of heal wounds
 u - a potion of haste
 z - a potion of degeneration
 B - a potion of berserk rage {unknown}
 F - a potion of ambrosia {unknown}


   Skills:
 + Level 6.7 Fighting
 - Level 5.5 Axes
 + Level 0.6(3.1) Maces & Flails
 + Level 5.1 Throwing
 - Level 2.7 Dodging


You had 6 spell levels left.
You didn't know any spells.
Your spell library contained the following spells:

 Spells                   Type           Power      Damage    Failure   Level
 Cigotuvi's Dreadful Rot  Necr/Pois/Air  0%         N/A       52%         2
 Poisonous Vapours        Pois/Air       0%         N/A       52%         2
 Sublimation of Blood     Necr           0%         N/A       52%         2
 Wereblood                Tmut           0%         N/A       52%         2
 Mephitic Cloud           Conj/Pois/Air  0%         N/A       77%         3
 Summon Hydra             Summ           0%         N/A       100%        7


Dungeon Overview and Level Annotations

Branches:
Dungeon (7/15)             Temple (1/1) D:4         Ossuary (visited)

Altars:
Cheibriados
Elyvilon
Fedhas
Kikubaaqudgha
Makhleb
Qazlal
Sif Muna
Wu Jian
Xom
Zin
The Shining One
Lugonu

Shops:
D:1 *


Innate Abilities, Weirdness & Mutations

You are too large for most types of armour.
You have tough skin. (AC +1)


Message History

You closely miss the orc wizard.
The orc wizard casts a spell.
The orc wizard flickers and vanishes!
You hit something. Something hits you.
You closely miss something. Something hits you but does no damage.
You barely miss something. The wight hits you with a +3 scimitar!
* * * LOW HITPOINT WARNING * * *
You feel drained.
* * * LOW HITPOINT WARNING * * *
Something hits you but does no damage.
You hit the wight. Lightning courses through the wight!
The wight is heavily damaged.
The wight barely misses you. Something hits you but does no damage.
The black bear attacks as you move away!
The black bear bites you but does no damage.
The black bear barely misses you. The black bear misses you.
You hear some strange, mumbled words.
A magic dart appears from out of thin air!
The magic dart hits you.
* * * LOW HITPOINT WARNING * * *
The wight attacks as you move away! The wight hits you with a +3 scimitar!
* * * LOW HITPOINT WARNING * * *
Something hits you.
* * * LOW HITPOINT WARNING * * *
Found a stone staircase leading down.
As you read the scroll of teleportation, it crumbles to dust.
You feel strangely unstable. The wight hits you with a +3 scimitar.
* * * LOW HITPOINT WARNING * * *
You feel drained.
* * * LOW HITPOINT WARNING * * *
Something hits you.
* * * LOW HITPOINT WARNING * * *
The black bear attacks as you move away!
The black bear completely misses you. The black bear closely misses you.
The black bear claws you.
* * * LOW HITPOINT WARNING * * *
The wight attacks as you move away! The wight hits you with a +3 scimitar!
* * * LOW HITPOINT WARNING * * *
You feel drained.
You die...

...... ..#. .......
##.... #......
........
#.....#####........
##..................
#.!...............
##................
......h.z...##.#. .
.......@#.#....#....
........###.........
.#......#...........
....................
###....###.........#
##... #....###...
#... ...### .. ...>
#..## . #..


You could see a black bear and a wight.

Vanquished Creatures
  An orc warrior (D:6)
  A black bear (D:5)
  A necrophage (D:4)
  A scorpion (D:6)
  2 jellies
  3 hounds (D:5)
  2 orc priests (D:6)
  Jessica (D:2)
  A mummy (Ossuary)
  7 adders
  A white imp (D:5)
  2 worms
  3 dart slugs
  4 orcs
  4 spectral bats (Ossuary)
  3 ball pythons
  3 bats
  7 endoplasms
  2 giant cockroaches (D:1)
  12 gnoll zombies (Ossuary)
  6 hobgoblins
  9 kobolds
  3 quokkas
  2 bat simulacra (Ossuary)
  2 frilled lizards (D:1)
  8 goblins
  3 goblin simulacra (Ossuary)
  3 goblin zombies (Ossuary)
  A hobgoblin zombie (Ossuary)
  A kobold simulacrum (Ossuary)
  6 kobold zombies (Ossuary)
  8 orc zombies (Ossuary)
  4 rats
  2 rat simulacra (Ossuary)
  3 spectral goblins (Ossuary)
  5 spectral kobolds (Ossuary)
  2 spectral rats (Ossuary)
129 creatures vanquished.

Notes
Turn   | Place    | Note
-------+----------+-------------------------------------------
     0 | D:1      | Decritt the Ogre Gladiator began the quest for the Orb.
     0 | D:1      | Reached XP level 1. HP: 22/22 MP: 1/1
   166 | D:1      | Reached skill level 3 in Fighting
   167 | D:1      | Reached XP level 2. HP: 10/31 MP: 2/2
   300 | D:1      | Found a faded altar of an unknown god.
   302 | D:1      | You fall into a shaft and drop 1 floor!
   375 | D:2      | Reached XP level 3. HP: 11/37 MP: 3/3
   982 | D:1      | Found Voiterph's General Store.
   991 | D:1      | Bought a potion of curing for 36 gold pieces
   991 | D:1      | Bought a potion of heal wounds for 60 gold pieces
  1285 | D:2      | Reached XP level 4. HP: 45/48 MP: 4/4
  1540 | D:2      | Noticed Jessica
  1554 | D:2      | Killed Jessica
  1555 | D:2      | Reached skill level 4 in Fighting
  2834 | D:4      | Reached XP level 5. HP: 54/54 MP: 5/5
  2904 | D:4      | Found a staircase to the Ecumenical Temple.
  2948 | Temple   | Entered the Ecumenical Temple
  3214 | D:4      | Found a shimmering altar of Xom.
  3214 | D:4      | Found a shimmering altar of Xom.
  3214 | D:4      | Found a shimmering altar of Xom.
  3216 | D:4      | Found a shimmering altar of Xom.
  3721 | D:5      | Entered Level 5 of the Dungeon
  3723 | D:5      | Reached skill level 5 in Fighting
  3825 | D:5      | Noticed a black bear
  3830 | D:5      | Killed a black bear
  3831 | D:5      | Reached XP level 6. HP: 65/66 MP: 6/6
  3920 | D:5      | Found a sand-covered staircase.
  3930 | Ossuary  | Entered an ossuary
  4392 | D:5      | Reached skill level 5 in Axes
  4392 | D:5      | Reached XP level 7. HP: 71/74 MP: 7/7
  4451 | D:5      | Found a blossoming altar of Fedhas.
  4548 | D:5      | Reached skill level 6 in Fighting
  4940 | D:6      | Found a stormy altar of Qazlal.
  4960 | D:6      | Reached skill level 5 in Throwing
  5070 | D:7      | HP: 2/72 [wight/+3 scimitar (12)]
  5070 | D:7      | Slain by a wight

Illustrated notes

Levels and vault maps discovered:
D:1:      minmay_arrival_four_circles, layout_loops_ring,
          shapermc_ecumenical_altar_totnotflames, serial_shops, shop,
          minmay_indecisive_spiral
D:2:      minmay_evil_eye, layout_rooms, uniq_jessica
D:3:      layout_loops_ring, dreamdust_princess_bridge, minivault_5,
          nicolae_elevator_lobby_plus
D:4:      layout_loops_ring, xom_redecorated,
          minmay_temple_entry_drinking_statues
D:5:      layout_rooms, fedhas_altar_3, nicolae_ossuary_entry_plus
D:6:      layout_loops_ring, lemuel_tele_altar, minmay_ogre_servants
D:7:      layout_cave_pools, overflow_temple_1_default
Temple:   kb_corrupted_temple

Skill      XL: |  1  2  3  4  5  6  7 |
---------------+----------------------+-----
Fighting       | 3 4 5 6 |  6.7
Throwing       | 3 4 5 |  5.1
Axes           | 4 5 |  5.5
Maces & Flails | |  0.6
Dodging        | |  2.7

Action                   |  1- 3 |  4- 6 |  7- 9 || total
-------------------------+-------+-------+-------++-------
Melee: War axe           |    62 |       |       ||    62
       Whip              |    12 |   218 |    67 ||   297
       Punch             |       |     4 |     1 ||     5
Throw: Large rock        |    16 |    19 |     1 ||    36
       Stone             |       |    32 |       ||    32
  Use: Scroll            |       |    13 |     2 ||    15
       Potion            |       |       |     1 ||     1
 Stab: Sleeping          |       |     1 |       ||     1
       Distracted        |       |       |     1 ||     1
Armor: Robe              |    32 |    60 |    21 ||   113
Dodge: Dodged            |    60 |   144 |    45 ||   249

Table legend: (Time is in decaauts)
 A = Elapsed time spent in this place.
 B = Non-inter-level travel time spent in this place.
 C = Inter-level travel time spent in this place.
 D = Time resting spent in this place.
 E = Time spent auto-exploring this place.
 F = Levels seen in this place.
 G = Mean time per level.
                   A        B        C        D        E       F      G
               +--------+--------+--------+--------+--------+-----+--------+
         Total |   5109 |   4857 |    252 |    245 |   3570 |   9 |  567.7 |
       Dungeon |   4525 |   4291 |    234 |    245 |   3213 |   7 |  646.4 |
        Temple |    134 |    116 |     18 |      0 |     96 |   1 |  134.0 |
       Ossuary |    449 |    449 |      0 |      0 |    261 |   1 |  449.0 |
               +--------+--------+--------+--------+--------+-----+--------+

Top non-repeatable levels by time:
     D:3: 1052 daAuts
     D:1: 1006 daAuts
     D:4: 803 daAuts
     D:2: 756 daAuts
     D:5: 583 daAuts
 Ossuary: 449 daAuts
     D:6: 266 daAuts
  Temple: 134 daAuts
     D:7: 56 daAuts
